 Dungeon Crawl Stone Soup version 0.28.0-53-g5a82cb258f (webtiles) character file.

Game seed: 5838972436565096879

102 Descartes the Chopper (level 4, -1/37 HPs)
             Began as a Minotaur Warper on Aug 6, 2022.
             Frozen to death by an endoplasm (6 damage)
             ... on level 3 of the Dungeon.
             The game lasted 00:03:51 (2119 turns).

Descartes the Chopper (Minotaur Warper)             Turns: 2119, Time: 00:03:51

Health: -1/37      AC:  7    Str: 17    XL:     4   Next: 49%
Magic:  5/5        EV: 11    Int: 10    God:
Gold:   65         SH:  0    Dex: 10    Spells: 5/5 levels left

rFire   . . .      SeeInvis .   g - +2 short sword (venom)
rCold   . . .      Faith    .   (no shield)
rNeg    . . .      Spirit   .   q - +0 ring mail
rPois   .          Reflect  .   k - +2 hat
rElec   .          Harm     +   h - scarf {harm}
rCorr   .          Rampage  .   (no gloves)
Will    .....                   (no boots)
Stlth   ..........              (no amulet)
HPRegen 0.12/turn               (no ring)
MPRegen 0.09/turn               (no ring)

@: no status effects
A: horns 2, retaliatory headbutt
a: no special abilities


You were on level 3 of the Dungeon.
You visited 1 branch of the dungeon, and saw 3 of its levels.

You collected 65 gold pieces.

Inventory:

Hand Weapons
 a - a +0 hand axe
 g - a +2 short sword of venom (weapon)
 i - a +0 longbow
 j - a +0 hunting sling
Missiles
 d - 5 boomerangs of dispersal (quivered)
Armour
 b - a +0 leather armour
 h - a scarf of harm (worn)
 k - a +2 hat (worn)
 q - a +0 ring mail (worn)
Jewellery
 r - a ring of fire
Wands
 p - a wand of digging (3)
Scrolls
 c - a scroll of blinking
 e - a scroll of immolation
 f - 2 scrolls of identify
 n - a scroll of enchant weapon
 s - a scroll of vulnerability {unknown}
Potions
 l - a potion of degeneration {unknown}
 m - 2 potions of haste {unknown}
 o - a potion of magic {unknown}


   Skills:
 - Level 2.4 Fighting
 + Level 1.2(1.3) Short Blades
 + Level 0.7(1.2) Long Blades
 + Level 3.2(3.6) Axes
 + Level 1.7(2.7) Maces & Flails
 + Level 1.0(2.3) Polearms
 - Level 1.0 Throwing
 + Level 2.3 Armour
 - Level 2.1 Dodging
 + Level 1.6 Shields
 - Level 1.3 Spellcasting
 + Level 2.5 Translocations


You had 5 spell levels left.
You didn't know any spells.
Your spell library contained the following spells:

 Spells                   Type           Power      Damage    Failure   Level
 Blink                    Tloc           10%        N/A       32%         2
 Gell's Gravitas          Tloc           5%         N/A       54%         3
 Lesser Beckoning         Tloc           5%         N/A       54%         3
 Teleport Other           Tloc           5%         N/A       54%         3
 Manifold Assault         Tloc           5%         N/A       99%         5


Dungeon Overview and Level Annotations

Branches:
Dungeon (3/15)

Altars:

Shops:
D:1 [


Innate Abilities, Weirdness & Mutations

You have a pair of horns on your head.
You reflexively headbutt those who attack you in melee.


Message History

You hit the jelly.
Your hands burn!
The jelly is heavily wounded.
The jelly hits you.
You are splashed with acid!
* * * LOW HITPOINT WARNING * * *
You hit the jelly. The acid corrodes you!
Your hands burn!
* * * LOW HITPOINT WARNING * * *
You headbutt the jelly!
You kill the jelly!
Your base Polearms skill increases to level 1!
You hear the rusting of a very distant drain.
Found a scroll labelled YGANASSAIB.
Found 16 stones.
s - a scroll labelled YGANASSAIB You are no longer corroded.
An endoplasm comes into view.
The endoplasm quivers.
A kobold comes into view.
It is wielding a +0 club and quivering poisoned darts.
The kobold shouts!
A quokka comes into view.
The kobold throws a poisoned dart.
The poisoned dart hits you!
You are poisoned.
The quokka moves out of view.
You feel sick.
The kobold throws a poisoned dart.
The poisoned dart misses you.
Found a sapphire potion.
You feel sick.
Found an escape hatch in the ceiling.
You feel sick. The quokka misses you. The kobold hits you with a +0 club.
* * * LOW HITPOINT WARNING * * *
You closely miss the quokka.
You feel sick. The quokka barely misses you. The kobold barely misses you.
You closely miss the quokka. You headbutt the quokka.
You kill the quokka!
You feel sick. The kobold closely misses you. You furiously retaliate!
You headbutt the kobold. You hit the kobold.
You kill the kobold!
You feel sick.
You are no longer poisoned.
The endoplasm freezes you.
You are frozen.
You die...

#.#.##.# .#
#......###.###.......#
#....................#
...###...............#
.#####...##..........#
. #....## .......# #
#.#...### ......#
#.##....## #J...# ..
#.##..###@...# #.#
#.###....†...# ####.#
#.# #####....# ..>..#
#.# #....# ...#.# #..
........ .....####
......!. #.#....#
..<...... .....#.##
.......... #....#..#
.......


You could see an endoplasm.

Vanquished Creatures
  A jelly (D:3)
  3 adders (D:3)
  A dart slug (D:1)
  2 endoplasms (D:1)
  A giant cockroach (D:2)
  A goblin (D:2)
  2 hobgoblins
  4 jackals (D:2)
  6 quokkas
  7 ball pythons
  3 frilled lizards
  7 kobolds
  7 rats
45 creatures vanquished.

Notes
Turn   | Place    | Note
-------+----------+-------------------------------------------
     0 | D:1      | Descartes the Minotaur Warper began the quest for the Orb.
     0 | D:1      | Reached XP level 1. HP: 18/18 MP: 1/1
   244 | D:1      | Found Cueq's Armour Shop.
   281 | D:1      | Reached XP level 2. HP: 25/25 MP: 3/3
   329 | D:1      | Found a faded altar of an unknown god.
  1146 | D:2      | Reached skill level 1 in Maces & Flails
  1205 | D:2      | Reached skill level 1 in Shields
  1387 | D:2      | Reached skill level 3 in Axes
  1387 | D:2      | Reached XP level 3. HP: 28/30 MP: 4/4
  1977 | D:3      | Reached XP level 4. HP: 20/37 MP: 5/5
  2082 | D:3      | Reached skill level 1 in Short Blades
  2085 | D:3      | Reached skill level 1 in Polearms
  2119 | D:3      | Frozen to death by an endoplasm

Illustrated notes

Levels and vault maps discovered:
D:1:      dpeg_arrival_pits, layout_basic, hellmonk_ecumenical_altar_crossroads,
          serial_shops, shop_statue
D:2:      layout_loops_ring, minmay_quantized
D:3:      layout_rooms, gup_sewer_entry_bubbles, nrook_uturn, minmay_rat_hole

Skill      XL: |  1  2  3  4 |
---------------+-------------+-----
Maces & Flails | 1 |  1.7
Shields        | 1 |  1.6
Axes           | 3 |  3.2
Armour         | 2 |  2.3
Short Blades   | 1 |  1.2
Polearms       | 1 |  1.0
Fighting       | |  2.4
Long Blades    | |  0.7
Throwing       | |  1.0
Dodging        | |  2.1
Spellcasting   | |  1.3
Translocations | |  2.5

Action                   |  1- 3 |  4- 6 || total
-------------------------+-------+-------++-------
Melee: Hand axe          |    24 |       ||    24
       Headbutt          |    10 |     2 ||    12
       Short sword       |    62 |    13 ||    75
       Punch             |     1 |       ||     1
  Use: Scroll            |     2 |       ||     2
Armor: Leather armour    |    17 |       ||    17
       Ring mail         |    10 |     4 ||    14
Dodge: Dodged            |    59 |     8 ||    67
